 Dungeon Crawl Stone Soup version 0.14-a0-1739-g6c2808e (webtiles) character file.

118 Mitsuki the Changer (level 3, -3/26 HPs)
             Began as a Merfolk Transmuter on Jan 3, 2014.
             Killed from afar by Sigmund (6 damage)
             ... with a magic dart
             ... on Level 2 of the Dungeon.
             The game lasted 00:06:17 (2119 turns).

Mitsuki the Changer (Merfolk Transmuter)            Turns: 2119, Time: 00:06:18

HP  -3/26        AC  2     Str 10      XL: 3   Next: 79%
MP   2/6         EV 13     Int 13      God:
Gold 68          SH  0     Dex 14      Spells:  3 memorised,  0 levels left

rFire  . . .     SeeInvis .       - Unarmed
rCold  . . .     Clarity  .     l - +0 orc robe (curse)
rNeg   . . .     Conserve .     (no shield)
rPois  .         rCorr    .     (no helmet)
rElec  .         rRot     .     (no cloak)
SustAb . .       Spirit   .     (no gloves)
rMut   .         Warding  .     (no boots)
Saprov . . .     Stasis   .     (no amulet)
                                (no ring)
                                (no ring)

@: not resistant to hostile enchantments, unstealthy
A: change form in water, swift swim
a: no special abilities


You were on level 2 of the Dungeon.
You were full.

You visited 1 branch of the dungeon, and saw 2 of its levels.

You collected 68 gold pieces.

Inventory:

Missiles
 b - 37 arrows
Armour
 l - a cursed +0 orcish robe (worn)
Comestibles
 a - a bread ration
Scrolls
 c - a scroll of recharging {unknown}
 e - 2 scrolls of identify {unknown}
 f - a scroll of noise {unknown}
 g - 2 scrolls of remove curse {unknown}
 h - a scroll of random uselessness {unknown}
 i - a scroll of enchant armour {unknown}
 k - a scroll of blinking {unknown}
Potions
 m - a potion of magic {unknown}
Books
 d - a book of Changes

   Spells                             Type                      Level
   *Beastly Appendage                 Transmutation                1
   *Sticks to Snakes                  Transmutation                2
   *Spider Form                       Transmutation/Poison         3
   Ice Form                           Ice/Transmutation            4
   Blade Hands                        Transmutation                5


   Skills:
 - Level 1.1 Fighting
 - Level 2.6 Dodging
 - Level 3.2 Unarmed Combat
 - Level 2.0 Spellcasting
 + Level 5.3 Transmutations


You couldn't memorise any spells.
You knew the following spells:

 Your Spells              Type           Power        Failure   Level  Hunger
a - Beastly Appendage     Trmt           ###...       3%          1    ##.....
b - Spider Form           Trmt/Pois      #.........   28%         3    ####...
c - Sticks to Snakes      Trmt           ###.......   6%          2    ###....


Dungeon Overview and Level Annotations

Branches:
Dungeon (2/16)

Altars:

Annotations:
D:2 Sigmund


Message History

Your transformation is almost over.
There is a stone staircase leading up here.
The puff of flame misses you. The puff of flame hits you!
Things that are here:
an orcish dagger; 5 darts The magic dart hits you!
* * * LOW HITPOINT WARNING * * *
There is an open door here.
The puff of flame hits you!
* * * LOW HITPOINT WARNING * * *
You close the door.
Your transformation has ended.
You fall off the wall.
Your cursed +0 orcish robe unmelds from your body.
There is a stone staircase leading down here.
Something unseen opens the door.
There is an open door here.
The magic dart hits you!
You die...

#### #.## ##..# ...#
###'######## ##.# ...#
#..........# ######'###
...####..........# #........#
...).##..........# #........#
#.##.##..........# #........#
#.#.##..........# #........##
.#..'..........######..).<...'.
#.##.........@'>..{{........##
#.##..........######........#
#.##.########## ##########
##.##.# ###..##.# ....###.#
........# #########


There were no monsters in sight!

Vanquished Creatures
  An adder (D:2)
  A giant mite (D:1)
  2 giant cockroaches
  8 hobgoblins
  7 kobolds
  3 ball pythons (D:1)
  2 bats (D:1)
  4 giant newts
  4 goblins
  3 rats (D:1)
35 creatures vanquished.

Notes
Turn   | Place    | Note
--------------------------------------------------------------
     0 | D:1      | Mitsuki, the Merfolk Transmuter, began the quest for the Orb.
     0 | D:1      | Reached XP level 1. HP: 15/15 MP: 3/3
     2 | D:1      | Noticed a naga
     2 | D:1      | Noticed a draconian
     4 | D:1      | Noticed a dwarf
     6 | D:1      | Noticed a minotaur
     6 | D:1      | Noticed a merfolk
     8 | D:1      | Noticed an ogre
     8 | D:1      | Noticed a human
    10 | D:1      | Noticed a ghoul
    10 | D:1      | Noticed a spriggan
    12 | D:1      | Noticed a vampire
    12 | D:1      | Noticed a demigod
    14 | D:1      | Noticed an octopode
    16 | D:1      | Noticed a centaur
    16 | D:1      | Noticed a tengu
    18 | D:1      | Noticed a felid
    18 | D:1      | Noticed a troll
    20 | D:1      | Noticed a demonspawn
    22 | D:1      | Noticed an elf
    40 | D:1      | Reached XP level 2. HP: 12/21 MP: 2/4
   469 | D:1      | Reached skill level 4 in Transmutations
  1007 | D:1      | Reached XP level 3. HP: 23/26 MP: 6/6
  1012 | D:1      | Learned a level 3 spell: Spider Form
  1015 | D:1      | Learned a level 2 spell: Sticks to Snakes
  1704 | D:2      | Reached skill level 5 in Transmutations
  2098 | D:2      | Noticed Sigmund
  2119 | D:2      | Killed from afar by Sigmund

Action                   || total
-------------------------++-------
Melee: Unarmed           ||   107
 Cast: Beastly Appendage ||    11
       Spider Form       ||     5
  Use: Potion            ||     1
 Stab: Sleeping          ||     4
